 Dungeon Crawl Stone Soup version 0.22.1-5-g62c59d9 (webtiles) character file.

85 lorenzova the Conjurer (level 4, -2/24 HPs)
             Began as a Deep Elf Conjurer on Jan 15, 2019.
             Slain by a gnoll sergeant
             ... wielding a +0 spear of freezing
              (3 damage)
             ... on level 2 of the Dungeon.
             The game lasted 00:02:39 (1903 turns).

lorenzova the Conjurer (Deep Elf Conjurer)          Turns: 1903, Time: 00:02:39

Health: -2/24      AC:  2    Str:  5    XL:     4   Next: 25%
Magic:  1/12       EV: 13    Int: 21    God:
Gold:   79         SH:  0    Dex: 15    Spells: 5/12 levels left

rFire    . . .     SeeInvis .   i - +0 dagger
rCold    . . .     Gourm    .   (no shield)
rNeg     . . .     Faith    .   a - +0 robe
rPois    .         Spirit   .   (no helmet)
rElec    .         Reflect  .   (no cloak)
rCorr    .         Harm     .   (no gloves)
MR       .....                  (no boots)
Stlth    ++........             (no amulet)
HPRegen  0.08/turn              (no ring)
MPRegen  0.13/turn              (no ring)

@: no status effects
A: no striking features
a: no special abilities


You were on level 2 of the Dungeon.
You were not hungry.

You visited 1 branch of the dungeon, and saw 2 of its levels.

You collected 79 gold pieces.

Inventory:

Hand Weapons
 i - a +0 dagger (weapon)
Armour
 a - a +0 robe (worn)
Jewellery
 d - an uncursed ring of magical power {unknown}
Scrolls
 f - a scroll of amnesia {unknown}
 g - a scroll of identify {unknown}
 h - a scroll of enchant weapon {unknown}
 j - a scroll of enchant armour {unknown}
Potions
 b - 2 potions of brilliance {unknown}
 e - a potion of agility {unknown}
 k - a potion of curing {unknown}
Comestibles
 c - 8 rations


   Skills:
 - Level 2.4 Dodging
 - Level 2.4 Stealth
 + Level 4.8 Spellcasting
 + Level 5.4 Conjurations


You had 5 spell levels left.
You knew the following spells:

 Your Spells              Type           Power        Failure   Level  Hunger
a - Magic Dart            Conj           ####         1%          1    None
b - Searing Ray           Conj           ####..       1%          2    None
c - Iskenderun's Mystic   Conj           ####....     12%         4    ####...

Your spell library contained the following spells:

 Spells                   Type           Power        Failure   Level  Hunger
 Dazzling Spray           Conj/Hex       ###...       11%         3    ##.....
 Force Lance              Conj/Tloc      ###.....     34%         4    ####...
 Fulminant Prism          Conj/Hex       ###.......   34%         4    ####...


Dungeon Overview and Level Annotations

Branches:
Dungeon (2/15)

Altars:
Ru
Zin


Message History

Aiming: Searing Ray (safe; 1% risk of failure)
Press: ? - help, Shift-Dir - straight line, f - gnoll, p - gnoll sergeant
Aim: a gnoll The searing ray hits the gnoll sergeant.
The gnoll sergeant is almost dead. (Press . to maintain the ray.)
The gnoll shouts!
The gnoll sergeant hits you from afar with a spear of freezing!
The gnoll sergeant freezes you.
The searing ray hits the gnoll sergeant.
The gnoll sergeant is almost dead.
The gnoll sergeant hits you from afar with a spear of freezing!
Ouch! That really hurt!
* * * LOW HITPOINT WARNING * * *
The gnoll sergeant freezes you.
* * * LOW HITPOINT WARNING * * *
The searing ray hits the gnoll sergeant.
The gnoll sergeant is almost dead.
The gnoll sergeant hits you from afar with a spear of freezing.
You die...

#..........####...#.#
#.#.......## ##....#
#.##.....## ##...#
..###.).## #...# ###
#'## ##.## ..# #.# ..
#.# ..#######.#
..gggg.@..#
...########


You could see a gnoll sergeant and 3 gnolls.

Vanquished Creatures
  An orc wizard (D:2)
  An adder (D:2)
  An ooze (D:2)
  A dart slug (D:2)
  4 leopard geckos
  2 giant cockroaches (D:1)
  5 goblins
  3 hobgoblins
  3 jackals (D:1)
  3 kobolds (D:1)
  5 bats
  3 frilled lizards (D:1)
  4 rats
36 creatures vanquished.

Notes
Turn   | Place    | Note
-------+----------+-------------------------------------------
     0 | D:1      | lorenzova the Deep Elf Conjurer began the quest for the
                  | Orb.
     0 | D:1      | Reached XP level 1. HP: 10/10 MP: 6/6
   216 | D:1      | Reached XP level 2. HP: 15/15 MP: 6/8
   220 | D:1      | Learned a level 2 spell: Searing Ray
   774 | D:1      | Reached skill level 5 in Conjurations
   824 | D:1      | Reached XP level 3. HP: 19/19 MP: 5/10
  1319 | D:2      | Found a sacrificial altar of Ru.
  1352 | D:2      | Reached XP level 4. HP: 21/24 MP: 4/12
  1415 | D:2      | Learned a level 4 spell: Iskenderun's Mystic Blast
  1479 | D:2      | Noticed a gnoll sergeant
  1627 | D:2      | Found a glowing silver altar of Zin.
  1628 | D:2      | Noticed an angel
  1902 | D:2      | HP: 1/24 [gnoll sergeant/spear of freezing (1)]
  1903 | D:2      | Slain by a gnoll sergeant

Skill      XL: |  1  2 |
---------------+-------+-----
Spellcasting   | 4 |  4.8
Conjurations   | 5 |  5.4
Dodging        | |  2.4
Stealth        | |  2.4

Action                   |  1- 3 |  4- 6 || total
-------------------------+-------+-------++-------
 Cast: Magic Dart        |    56 |    14 ||    70
       Searing Ray       |     1 |     2 ||     3
  Eat: Chunk             |     1 |     2 ||     3
Dodge: Dodged            |     7 |     2 ||     9
